 Dungeon Crawl Stone Soup version 0.24-a0-582-g4d4af813a0 (webtiles) character file.

Game seed: 8911767949405850059

437 DasRunzen the Covered (level 6, 0/56 HPs)
             Began as a Minotaur Fighter on Aug 26, 2019.
             Was an Initiate of Makhleb.
             Slain by an orc warrior
             ... wielding a +2 trident of venom
              (17 damage)
             ... on level 6 of the Dungeon.
             The game lasted 00:07:12 (2229 turns).

DasRunzen the Covered (Minotaur Fighter)            Turns: 2229, Time: 00:07:12

Health: 0/56       AC:  8    Str: 20    XL:     6   Next: 69%
Magic:  14/14      EV:  7    Int:  5    God:    Makhleb [......]
Gold:   112        SH: 11    Dex: 14    Spells: 5/5 levels left

rFire    . . .     SeeInvis .   m - +4 war axe (freeze)
rCold    . . .     Gourm    .   c - +1 shield
rNeg     . . .     Faith    .   b - +0 scale mail
rPois    .         Spirit   .   (helmet restricted)
rElec    .         Reflect  .   (no cloak)
rCorr    .         Harm     .   o - +0 pair of gloves
MR       .....                  (no boots)
Stlth    ..........             (no amulet)
HPRegen  0.18/turn              p - ring of magical power
MPRegen  0.14/turn              (no ring)

@: lethally poisoned (0 -> -25)
A: retaliatory headbutt, horns 2, agile 1, low mp 1
a: Renounce Religion


You were on level 6 of the Dungeon.
You worshipped Makhleb.
Makhleb was noncommittal.
You were hungry.

You visited 1 branch of the dungeon, and saw 5 of its levels.

You collected 112 gold pieces.

Inventory:

Hand Weapons
 m - a +4 war axe of freezing (weapon)
Armour
 b - a +0 scale mail (worn)
 c - a +1 shield (worn)
 o - a +0 pair of gloves (worn)
Jewellery
 p - a ring of magical power (left hand)
Scrolls
 i - a scroll of fog
 j - a scroll of remove curse
Potions
 d - 2 potions of might
 h - a potion of lignification
 k - a potion of brilliance
Comestibles
 f - 7 rations


   Skills:
 + Level 5.4 Fighting
 + Level 4.7 Axes
 + Level 5.5 Armour
 + Level 5.4 Shields
 + Level 1.2 Invocations


You had 5 spell levels left.
You didn't know any spells.
Your spell library contained the following spells:

 Spells                   Type           Power        Failure   Level  Hunger
 Corona                   Hex            #......      99%         1    ##.....
 Ensorcelled Hibernation  Hex/Ice        #.....       100%        2    ###....
 Confuse                  Hex            #.......     100%        3    ####...
 Dazzling Spray           Conj/Hex       #.....       100%        3    ####...
 Tukima's Dance           Hex            #.......     100%        3    ####...


Dungeon Overview and Level Annotations

Branches:
Dungeon (4/15)
 Temple: D:4-7

Altars:
Makhleb
Yredelemnul


Innate Abilities, Weirdness & Mutations

You reflexively headbutt those who attack you in melee.
You have a pair of horns on your head.
You are agile. (Dex +2)
Your magical capacity is low. (-10% MP)


Message History

You slash the crimson imp! You freeze the crimson imp.
You kill the crimson imp!
Makhleb accepts your kill.
You hit the orc. You freeze the orc.
The orc is almost dead.
The orc barely misses you. The orc warrior barely misses you.
The orc hits you with a +0 flail.
You closely miss the orc. Your headbutt misses the orc.
The orc is almost dead.
The orc warrior hits you from afar with a +2 trident of venom!!
You are lethally poisoned!
The orc hits you with a +0 flail.
You are too injured to fight recklessly!
You are too injured to fight recklessly!
You are too injured to fight recklessly!
You closely miss the orc. Your headbutt misses the orc.
The orc is severely wounded.
You feel very sick.
The orc warrior hits you from afar with a +2 trident of venom!
You die...

,,,,,,* *,,,,,* #.#
,,,,,,* *....,* #.#
,,,,,,***....,**#.#
,,,>,,,,,.....,*#.#
,,,,,,***,....,*#.#
,,,,,,* *,,,..o*#.#
*******
*****#o##'###
#.o....# #..@...#
#......#**********
#..........,,,,,,*
##.....####*****,*
###.#...,,,,,,*,*
*,!.#.###***,**,*
*,###.# *,**,* *,*
*,* *,**,* *,* *,*
*,**,*


You could see an orc warrior and 2 orcs.

Vanquished Creatures
  An ogre (D:4)
  2 crimson imps
  4 orc wizards (D:3)
  An orc priest (D:3)
  3 adders
  A worm (D:3)
  A dart slug (D:1)
  3 leopard geckos
  21 orcs (D:3)
  A giant cockroach (D:3)
  10 hobgoblins
  14 jackals
  8 kobolds
  A quokka (D:2)
  2 bats (D:1)
  3 frilled lizards (D:1)
  7 goblins
  11 rats
94 creatures vanquished.

Notes
Turn   | Place    | Note
-------+----------+-------------------------------------------
     0 | D:1      | DasRunzen the Minotaur Fighter began the quest for the Orb.
     0 | D:1      | Reached XP level 1. HP: 19/19 MP: 0/0
   171 | D:1      | Reached XP level 2. HP: 25/27 MP: 1/1
   682 | D:2      | Reached XP level 3. HP: 28/33 MP: 2/2
   936 | D:2      | Found a basalt altar of Yredelemnul.
  1238 | D:2      | Reached XP level 4. HP: 41/41 MP: 3/3
  1573 | D:3      | Reached XP level 5. HP: 9/47 MP: 4/4
  1695 | D:3      | Reached skill level 5 in Armour
  1980 | D:3      | Found a burning altar of Makhleb.
  1983 | D:3      | Reached skill level 5 in Fighting
  1983 | D:3      | Reached skill level 5 in Shields
  1995 | D:3      | Became a worshipper of Makhleb the Destroyer
  2013 | D:3      | Reached XP level 6. HP: 43/56 MP: 5/5
  2123 | D:3      | Gained mutation: Your magical capacity is low. (-10% MP)
                  | [potion of mutation]
  2123 | D:3      | Gained mutation: You are agile. (Dex +2) [potion of
                  | mutation]
  2138 | D:4      | Reached skill level 1 in Invocations
  2139 | D:4      | You fall into a shaft and drop 2 floors!
  2225 | D:6      | Noticed an orc warrior
  2229 | D:6      | Slain by an orc warrior

Levels and vault maps discovered:
D:1:      dpeg_arrival_ratfight, layout_loops_ring,
          chequers_serial_rivers_small_b
D:2:      layout_loops_ring, yredelemnul_altar_generic
D:3:      layout_rooms, makhleb_grotto_becter, first_ration,
          lemuel_another_geyser
D:4:      layout_cave_pools, elyvilon_altar_1, grunt_temple_overflow_bloody_war,
          minmay_temple_entry_statues_pillars, kennysheep_doodads,
          minmay_misc_feat_plants, kennysheep_okawaru_gauntlet, uniq_eustachio,
          uniq_crazy_yiuf_cottage
D:6:      layout_basic, portal_sewer_entry_e, minmay_fractal_squares_gapless_5,
          uniq_grinder, uniq_blork_the_orc

Skill      XL: |  1  2  3  4  5  6 |
---------------+-------------------+-----
Armour         | 4 5 |  5.5
Fighting       | 4 5 |  5.4
Shields        | 4 5 |  5.4
Axes           | 3 4 |  4.7
Invocations    | 1 |  1.2

Action                   |  1- 3 |  4- 6 || total
-------------------------+-------+-------++-------
Melee: War axe           |   105 |   106 ||   211
       Headbutt          |    10 |    12 ||    22
  Use: Scroll            |     6 |     9 ||    15
       Potion            |       |     1 ||     1
  Eat: Chunk             |     1 |     3 ||     4
Armor: Scale mail        |    59 |    46 ||   105
Dodge: Dodged            |    29 |    42 ||    71
Block: Shield            |    64 |    71 ||   135

Table legend:
 A = Non-vault XP
 B = Vault XP
 C = Vault XP percentage of total XP
 D = Non-vault monster count
 E = Vault monster count
 F = Vault count percentage of total count
                 A         B        C        D         E       F
            +---------+---------+-------+---------+---------+-------
      Total |     574 |      51 |   8.2 |      88 |       6 |   6.4
            +---------+---------+-------+---------+---------+-------
        D:1 |      31 |       5 |  13.9 |      18 |       5 |  21.7
        D:2 |      62 |       0 |   0.0 |      21 |       0 |   0.0
        D:3 |     315 |      46 |  12.7 |      47 |       1 |   2.1
        D:4 |     116 |       0 |   0.0 |       1 |       0 |   0.0
        D:6 |      50 |       0 |   0.0 |       1 |       0 |   0.0
            +---------+---------+-------+---------+---------+-------
